 Dungeon Crawl Stone Soup version 0.29-a0-719-g0fec994a2d (webtiles) character file.

Game seed: 3987466191630188810

383 CrazyBamboolord the Cudgeller (level 6, -7/59 HPs)
             Began as a Troll Warper on June 27, 2022.
             Mangled by a water moccasin (8 damage)
             ... on level 5 of the Dungeon.
             The game lasted 00:09:02 (3392 turns).

CrazyBamboolord the Cudgeller (Troll Warper)        Turns: 3392, Time: 00:09:03

Health: -7/59      AC:  3    Str: 24    XL:     6   Next: 47%
Magic:  7/7        EV: 10    Int: 10    God:
Gold:   260        SH:  0    Dex:  8    Spells: 6/8 levels left

rFire   + + .      SeeInvis .   a - +0 mace
rCold   + . .      Faith    .   (no shield)
rNeg    . . .      Spirit   .   b - +0 robe
rPois   +          Reflect  .   (helmet restricted)
rElec   +          Harm     .   (no cloak)
rCorr   +          Rampage  .   (gloves unavailable)
Will    .....                   (boots unavailable)
Stlth   +.........              (no amulet)
HPRegen 0.99/turn               (no ring)
MPRegen 0.10/turn               (no ring)

@: lethally poisoned (-7 -> -14), resistant
A: large, unfitting armour, claws 3, regeneration 1, shaggy fur 1, tough skin 1,
deformed body, fire resistance 1, strong 1, MP-powered wands
a: no special abilities


You were on level 5 of the Dungeon.
You visited 1 branch of the dungeon, and saw 5 of its levels.

You collected 260 gold pieces.

Inventory:

Hand Weapons
 a - a +0 mace (weapon)
Missiles
 d - 7 boomerangs of dispersal (quivered)
 i - 9 boomerangs
Armour
 b - a +0 robe (worn)
Scrolls
 c - 2 scrolls of blinking
 f - 3 scrolls of teleportation
 g - 3 scrolls of vulnerability
 h - 2 scrolls of noise {unknown}
 l - 2 scrolls of poison
 o - a scroll of enchant armour {unknown}
Potions
 e - 2 potions of mutation
 k - a potion of flight
 n - a potion of heal wounds {unknown}
 p - a potion of might {unknown}


   Skills:
 * Level 2.8 Fighting
 * Level 3.9 Maces & Flails
 + Level 0.8 Throwing
 * Level 3.4 Dodging
 * Level 1.6 Spellcasting
 * Level 2.7 Translocations


You had 6 spell levels left.
You knew the following spells:

 Your Spells              Type           Power      Damage    Failure   Level
a - Blink                 Tloc           12%        N/A       16%         2

Your spell library contained the following spells:

 Spells                   Type           Power      Damage    Failure   Level
 Gell's Gravitas          Tloc           6%         N/A       30%         3
 Lesser Beckoning         Tloc           6%         N/A       30%         3
 Teleport Other           Tloc           6%         N/A       30%         3
 Manifold Assault         Tloc           6%         N/A       96%         5
 Chain Lightning          Conj/Air       0%         N/A       100%        9
 Fire Storm               Conj/Fire      0%         5d1       100%        9
 Shatter                  Erth           0%         3d5*      100%        9


Dungeon Overview and Level Annotations

Branches:
Dungeon (5/15)
 Temple: D:4-7

Altars:
Nemelex Xobeh
Sif Muna
Trog

Shops:
D:4 (


Innate Abilities, Weirdness & Mutations

You are too large for most types of armour.
You have claws for hands.
Your natural rate of healing is unusually fast.
You are covered in fur. (AC +1)
You have tough skin. (AC +1)
Armour fits poorly on your strangely shaped body.
Your flesh is heat resistant. (rF+)
Your muscles are strong. (Str +4, Int/Dex -1)
You expend magic power (3 MP) to strengthen your wands.


Message History

You closely miss the water moccasin.
The water moccasin is lightly wounded.
You feel very sick. The water moccasin bites you.
The water moccasin closely misses you.
You closely miss the water moccasin.
The water moccasin is lightly wounded.
You feel very sick. The water moccasin bites you.
You hit the water moccasin.
The water moccasin is moderately wounded.
You feel very sick. The water moccasin closely misses you.
The water moccasin bites you.
You are more poisoned.
The water moccasin poisons you!
You sock the water moccasin!
The water moccasin is heavily wounded.
You feel very sick. The water moccasin barely misses you.
The water moccasin bites you.
You are more poisoned.
The water moccasin poisons you!
Okay, then.
You feel extremely sick.
You feel very sick. The water moccasin bites you.
* * * LOW HITPOINT WARNING * * *
You are lethally poisoned!
The water moccasin poisons you!
* * * LOW HITPOINT WARNING * * *
You feel extremely sick.
It was a potion of cancellation.
You feel magically purged.
* * * LOW HITPOINT WARNING * * *
You feel very sick.
The water moccasin bites you but does no damage.
It was a potion of resistance.
You feel protected.
* * * LOW HITPOINT WARNING * * *
You feel very sick.
The water moccasin completely misses you.
The water moccasin bites you!
You die...

####################
....................
#....................
#....................
#..........S##....##.
#...##....@.# +####
#...##......##
#........<...#
#............#
#...........#######
#...##########....##.
#...##......##.......
#...................
#.................# .


You could see a water moccasin.

Vanquished Creatures
  A centaur (D:4)
  2 hounds (D:4)
  2 iguanas
  An orc wizard (D:3)
  6 adders
  An ufetubus (D:5)
  2 worms
  3 dart slugs
  6 orcs
  11 ball pythons
  9 endoplasms
  3 giant cockroaches
  7 goblins
  8 hobgoblins
  2 jackals (D:2)
  4 quokkas
  7 bats
  3 frilled lizards
  7 kobolds
  3 rats
88 creatures vanquished.

Vanquished Creatures (others)
  2 fungi (D:1)
  A plant (D:1)
3 creatures vanquished.

Grand Total: 91 creatures vanquished

Notes
Turn   | Place    | Note
-------+----------+-------------------------------------------
     0 | D:1      | CrazyBamboolord the Troll Warper began the quest for the
                  | Orb.
     0 | D:1      | Reached XP level 1. HP: 19/19 MP: 1/1
   228 | D:1      | Reached XP level 2. HP: 28/28 MP: 2/2
   685 | D:1      | Found a faded altar of an unknown god.
   762 | D:2      | Reached XP level 3. HP: 35/35 MP: 3/3
  1138 | D:2      | Reached XP level 4. HP: 39/42 MP: 5/5
  1497 | D:3      | Gained mutation: Your flesh is heat resistant. (rF+)
                  | [potion of mutation]
  1497 | D:3      | Gained mutation: Armour fits poorly on your strangely
                  | shaped body. [potion of mutation]
  1497 | D:3      | Gained mutation: You expend magic power (3 MP) to
                  | strengthen your wands. [potion of mutation]
  1497 | D:3      | Gained mutation: Your muscles are strong. (Str +4, Int/Dex
                  | -1) [potion of mutation]
  1501 | D:3      | HP: 3/63 [something/magic dart (8)]
  1505 | D:3      | HP: 1/63 [something/magic dart (7)]
  1759 | D:3      | Found a shimmering blue altar of Sif Muna.
  1799 | D:3      | Identified the +1 leather armour of Awe {rElec rCorr Str-5
                  | Dex+5}
  2118 | D:3      | Learned a level 2 spell: Blink
  2169 | D:4      | Reached XP level 5. HP: 47/49 MP: 6/6
  2281 | D:4      | Found Warelaxi's Antique Weapon Shoppe.
  2323 | D:4      | Found a sparkling altar of Nemelex Xobeh.
  2418 | D:4      | Noticed a centaur
  2448 | D:4      | Killed a centaur
  2449 | D:4      | Reached XP level 6. HP: 26/59 MP: 7/7
  2795 | D:4      | Found a bloodstained altar of Trog.
  3304 | D:5      | Entered Level 5 of the Dungeon
  3380 | D:5      | Noticed a water moccasin
  3392 | D:5      | HP: 1/59 [poisoned by a water moccasin]
  3392 | D:5      | Mangled by a water moccasin

Illustrated notes

Levels and vault maps discovered:
D:1:      minmay_arrival_plants_in_alcoves, layout_loops_ring,
          dreamdust_ecumenical_altar_hidden_monk_grotto, minmay_misc_feat_tower
D:2:      layout_basic
D:3:      layout_loops_cross, mainiacjoe_overflow_catwalk,
          minmay_randomly_rotated_circles
D:4:      minmay_chambers_of_fours, layout_layer_cave, general_overflow_altar,
          nemelex_xobeh_ov_fountains_minmay, serial_shops,
          nicolae_shop_overgrown_old_shop
D:5:      layout_gridville

Skill      XL: |  1  2  3  4  5 |
---------------+----------------+-----
Dodging        | 2 3 |  3.4
Maces & Flails | 2 3 |  3.9
Fighting       | 2 |  2.8
Throwing       | |  0.8
Spellcasting   | |  1.6
Translocations | |  2.7

Action                   |  1- 3 |  4- 6 || total
-------------------------+-------+-------++-------
Melee: Mace              |   198 |   215 ||   413
       Punch             |     1 |     3 ||     4
  Use: Scroll            |       |     4 ||     4
       Potion            |       |     7 ||     7
 Stab: Sleeping          |     2 |       ||     2
Armor: Robe              |   101 |    90 ||   191
       Skin              |       |    22 ||    22
Dodge: Dodged            |   160 |   142 ||   302

Table legend: (Time is in decaauts)
 A = Elapsed time spent in this place.
 B = Non-inter-level travel time spent in this place.
 C = Inter-level travel time spent in this place.
 D = Time resting spent in this place.
 E = Time spent auto-exploring this place.
 F = Levels seen in this place.
 G = Mean time per level.
                   A        B        C        D        E       F      G
               +--------+--------+--------+--------+--------+-----+--------+
         Total |   3499 |   3353 |    146 |     71 |   2376 |   5 |  699.8 |
       Dungeon |   3499 |   3353 |    146 |     71 |   2376 |   5 |  699.8 |
               +--------+--------+--------+--------+--------+-----+--------+

Top non-repeatable levels by time:
     D:4: 1180 daAuts
     D:1: 776 daAuts
     D:3: 774 daAuts
     D:2: 676 daAuts
     D:5: 91 daAuts
